 Dungeon Crawl Stone Soup version 0.29-a0-284-gf9362112df (webtiles) character file.

Game seed: 17867339983228685852

338 rabbitsville the Gusty (level 6, 0/45 HPs)
             Began as a Draconian Air Elementalist on Mar 16, 2022.
             Shot with an arrow by a centaur (6 damage)
             ... on level 5 of the Dungeon.
             The game lasted 00:18:39 (3977 turns).

rabbitsville the Gusty (Draconian Air Elementalist) Turns: 3977, Time: 00:18:39

Health: 0/45       AC:  7    Str: 10    XL:     6   Next: 29%
Magic:  4/9        EV: 12    Int: 23    God:
Gold:   242        SH:  0    Dex: 11    Spells: 6/9 levels left

rFire   . . .      SeeInvis +   c - +4 dagger "Morg" {pain, Will+ Int+5}
rCold   . . .      Faith    .   (no shield)
rNeg    . . .      Spirit   .   (body armour unavailable)
rPois   .          Reflect  .   (helmet restricted)
rElec   .          Harm     .   (no cloak)
rCorr   .          Rampage  .   (no gloves)
Will    +....                   i - +0 pair of boots
Stlth   ++........              (no amulet)
HPRegen 0.15/turn               e - ring of see invisible
MPRegen 0.11/turn               (no ring)

@: no status effects
A: AC +6, unfitting armour, cold-blooded
a: no special abilities


You were on level 5 of the Dungeon.
You visited 1 branch of the dungeon, and saw 5 of its levels.

You collected 242 gold pieces.

Inventory:

Hand Weapons
 c - the +4 dagger "Morg" (weapon) {pain, Will+ Int+5}
   (You found it on level 4 of the Dungeon)

   In the hands of one skilled in necromantic magic, it inflicts extra damage on
   living creatures.
   Int:       It affects your intelligence (+5).
   Will:      It increases your willpower.
Missiles
 f - 6 poisoned darts
 o - 2 throwing nets
Armour
 i - a +0 pair of boots (worn)
Jewellery
 e - a ring of see invisible (left hand)
Scrolls
 g - a scroll of fog {unknown}
 h - 2 scrolls of teleportation {unknown}
 k - 2 scrolls of enchant weapon {unknown}
 l - a scroll of magic mapping {unknown}
 m - a scroll of noise {unknown}
 n - 2 scrolls of identify {unknown}
 p - a scroll of fear {unknown}
 r - a scroll of summoning {unknown}
 s - a scroll of immolation {unknown}
Potions
 a - a potion of magic
 b - a potion of resistance {unknown}
 d - 3 potions of brilliance {unknown}
 j - 2 potions of heal wounds {unknown}
 q - a potion of degeneration {unknown}


   Skills:
 - Level 1.7 Dodging
 - Level 1.7 Stealth
 - Level 2.4 Spellcasting
 + Level 3.7 Conjurations
 + Level 4.7 Air Magic
 + Level 3.0 Evocations


You had 6 spell levels left.
You knew the following spells:

 Your Spells              Type           Power      Damage    Failure   Level
a - Shock                 Conj/Air       88%        1d8       2%          1
b - Static Discharge      Conj/Air       22%        N/A       3%          2

Your spell library contained the following spells:

 Spells                   Type           Power      Damage    Failure   Level
 Swiftness                Air            24%        N/A       5%          3
 Airstrike                Air            12%        N/A       17%         4


Dungeon Overview and Level Annotations

Branches:
Dungeon (5/15)
 Temple: D:4-7

Altars:

Annotations:
D:3 1 runed translucent door, Crazy Yiuf
D:4 exclusion: black bear


Innate Abilities, Weirdness & Mutations

Your plain brown scales are hard. (AC +6)
You cannot fit into any form of body armour.
You are cold-blooded and may be slowed by cold attacks.


Message History

The arrow hits you but does no damage.
Aiming: Shock (safe; 2% risk of failure)
Press: ? - help, Q - select action, (/) - cycle Shift-Dir - straight line, f/p - centaur
Aim: a centaur, wielding a +0 shortbow (lightly wounded, 84% to hit)
The zap hits the centaur!
The centaur is moderately wounded.
The centaur shoots an arrow.
The arrow hits you!
Aiming: Shock (safe; 2% risk of failure)
Press: ? - help, Q - select action, (/) - cycle Shift-Dir - straight line, f/p - centaur
Aim: a centaur, wielding a +0 shortbow (moderately wounded, 84% to hit)
The zap hits the centaur.
The centaur is heavily wounded.
The centaur shoots an arrow.
The arrow closely misses you.
Aiming: Shock (safe; 2% risk of failure)
Press: ? - help, Q - select action, (/) - cycle Shift-Dir - straight line, f/p - centaur
Aim: a centaur, wielding a +0 shortbow (heavily wounded, 84% to hit)
You miscast Shock.
You are very lightly contaminated with residual magic.
Nothing appears to happen.
The centaur shoots an arrow.
The arrow hits you.
The centaur shoots an arrow.
The arrow hits you.
An ogre comes into view. It is wielding a +0 giant spiked club.
The ogre shouts!
Aiming: Shock (safe; 2% risk of failure)
Press: ? - help, Q - select action, (/) - cycle Shift-Dir - straight line, f/p - centaur
Aim: a centaur, wielding a +0 shortbow (heavily wounded, 84% to hit)
The zap misses the centaur.
Aiming: Shock (safe; 2% risk of failure)
Press: ? - help, Q - select action, (/) - cycle Shift-Dir - straight line, f/p - centaur
Aim: a centaur, wielding a +0 shortbow (heavily wounded, 84% to hit)
The zap hits the centaur.
The centaur is heavily wounded.
The centaur shoots an arrow.
The arrow hits you.
The centaur shoots an arrow.
The arrow hits you!
The centaur shoots an arrow.
The arrow hits you.
The centaur shoots an arrow.
The arrow hits you!
* * * LOW HITPOINT WARNING * * *
Your magical contamination has completely faded away.
The centaur shoots an arrow.
The arrow hits you.
You die...

##....###...
#.........#
##........#
##.......<.#
#.........##
..........#
..........##
...........####
....###@......###
...###...........
...##..........##
.......Oc.......#
................#
.................
.................
.................
.:...............


You could see an ogre and a centaur.

Vanquished Creatures
  A black bear (D:4)
  2 scorpions (D:4)
  4 adders
  A worm (D:3)
  2 dart slugs
  An orc (D:3)
  6 ball pythons
  6 endoplasms
  4 giant cockroaches
  10 goblins
  4 hobgoblins
  11 jackals
  7 quokkas
  8 bats
  3 frilled lizards (D:3)
  5 kobolds
  A rat (D:3)
76 creatures vanquished.

Notes
Turn   | Place    | Note
-------+----------+-------------------------------------------
     0 | D:1      | rabbitsville the Draconian Air Elementalist began the quest
                  | for the Orb.
     0 | D:1      | Reached XP level 1. HP: 14/14 MP: 3/3
   240 | D:1      | Reached XP level 2. HP: 20/20 MP: 5/5
   868 | D:1      | Reached XP level 3. HP: 24/26 MP: 4/6
  2075 | D:3      | Reached skill level 1 in Evocations
  2155 | D:3      | Found a faded altar of an unknown god.
  2258 | D:3      | Reached XP level 4. HP: 33/33 MP: 7/7
  2787 | D:3      | Found a runed translucent door.
  2788 | D:3      | Noticed Crazy Yiuf
  2878 | D:4      | Noticed a black bear
  3079 | D:4      | Found the +4 dagger "Morg" {pain, Will+ Int+5}
  3141 | D:4      | Reached skill level 4 in Air Magic
  3334 | D:4      | Noticed a scorpion
  3348 | D:4      | Killed a scorpion
  3349 | D:4      | Reached XP level 5. HP: 17/38 MP: 1/8
  3528 | D:4      | Learned a level 2 spell: Static Discharge
  3872 | D:4      | Killed a black bear
  3873 | D:4      | Reached XP level 6. HP: 42/45 MP: 1/9
  3948 | D:5      | Entered Level 5 of the Dungeon
  3977 | D:5      | Shot with an arrow by a centaur

Illustrated notes

Levels and vault maps discovered:
D:1:      scummos_arrival_star, layout_basic, columned_hall_lemuel
D:2:      layout_basic
D:3:      layout_rooms, ebering_ecumenical_altar_hall, uniq_crazy_yiuf_cottage
D:4:      layout_loops_ring
D:5:      layout_layer_cave

Skill      XL: |  1  2  3  4  5 |
---------------+----------------+-----
Conjurations   | 2 3 |  3.7
Evocations     | 1 2 3 |  3.0
Air Magic      | 4 |  4.7
Dodging        | |  1.7
Stealth        | |  1.7
Spellcasting   | |  2.4

Action                   |  1- 3 |  4- 6 || total
-------------------------+-------+-------++-------
Melee: Trident           |    15 |       ||    15
       Unarmed           |     2 |       ||     2
       Staff             |    27 |    14 ||    41
       Tailslap          |     2 |     1 ||     3
       Dagger            |       |    20 ||    20
       Punch             |       |     1 ||     1
 Cast: Shock             |    61 |    64 ||   125
       Static Discharge  |       |     1 ||     1
 Stab: Sleeping          |     3 |       ||     3
Armor: Skin              |    24 |     9 ||    33
Dodge: Dodged            |    30 |    30 ||    60

Table legend: (Time is in decaauts)
 A = Elapsed time spent in this place.
 B = Non-inter-level travel time spent in this place.
 C = Inter-level travel time spent in this place.
 D = Time resting spent in this place.
 E = Time spent auto-exploring this place.
 F = Levels seen in this place.
 G = Mean time per level.
                   A        B        C        D        E       F      G
               +--------+--------+--------+--------+--------+-----+--------+
         Total |   3988 |   3918 |     70 |    945 |   1673 |   5 |  797.6 |
       Dungeon |   3988 |   3918 |     70 |    945 |   1673 |   5 |  797.6 |
               +--------+--------+--------+--------+--------+-----+--------+

Top non-repeatable levels by time:
     D:4: 1045 daAuts
     D:2: 996 daAuts
     D:3: 966 daAuts
     D:1: 951 daAuts
     D:5: 28 daAuts
